 Dungeon Crawl Stone Soup version 0.31-a0-986-g5e6e4ef867 (webtiles) character file.

Game seed: 2722932395677201215

12875 hikkokomori the Fighter (level 11, 0/87 HPs)
             Began as a Demonspawn Hedge Wizard on Nov 4, 2023.
             Was an Initiate of Gozag.
             Slain by a komodo dragon (25 damage)
             ... on level 1 of the Lair of Beasts.
             The game lasted 00:23:14 (12541 turns).

hikkokomori the Fighter (Demonspawn Hedge Wizard)  Turns: 12541, Time: 00:23:15

Health: 0/87       AC: 23    Str: 16    XL:     11   Next: 68%
Magic:  23/23      EV: 11    Int: 28    God:    Gozag
Gold:   827        SH:  6    Dex: 12    Spells: 10/26 levels left

rFire   + . .        A - +6 shillelagh "Devastator" {shatter}
rCold   . . .        e - +1 buckler "Ycwih" {Fly Will+}
rNeg    . . .        F - +5 leather armour "Imimeox" {Contam Harm Str+3 Slay+5}
rPois   .            c - +1 hat
rElec   .            L - +1 cloak of Jixtuume {rF+ Int+4}
rCorr   .            y - +2 pair of gloves
SInv    .            (no boots)
Will    +....        (no amulet)
Stlth   ++           x - +6 ring of intelligence
HPRegen 0.34/turn    (no ring)
MPRegen 0.18/turn

%: harm (+30% outgoing, +20% incoming)
@: gold aura, sanguine armoured, flying
A: hooves 2, sanguine armour 2, demonic magic 3
a: Renounce Religion, Potion Petition, Call Merchant, Bribe Branch


You were on level 1 of the Lair of Beasts.
You worshipped Gozag.
Gozag was pleased with you.
You visited 3 branches of the dungeon, and saw 13 of its levels.
You also visited: Sewer and Bailey.

You collected 2820 gold pieces.
You spent 1313 gold pieces at shops.
You paid 680 gold pieces to Gozag.

Inventory:

Hand Weapons
 a - a +0 dagger
 f - a +3 rapier of freezing
 p - the +8 sling "Worm's Wrath" {elec, rElec rF+ Will-}
   (You found it on level 2 of the Dungeon)

   rF+:       It protects you from fire.
   rElec:     It insulates you from electricity.
   Will-:     It decreases your willpower.
 A - the +6 shillelagh "Devastator" (weapon) {shatter}
   (You found it on level 4 of the Dungeon)
Missiles
 j - 2 javelins
Armour
 c - a +1 hat (worn)
 e - the +1 buckler "Ycwih" (worn) {Fly Will+}
   (You acquired it on level 8 of the Dungeon)

   Will+:     It increases your willpower.
   Fly:       It grants you flight.
 w - a +2 cloak of poison resistance
 y - a +2 pair of gloves (worn)
 B - a +1 ring mail of fire resistance
 F - the +5 leather armour "Imimeox" (worn) {Contam Harm Str+3 Slay+5}
   (You bought it in a shop on level 10 of the Dungeon)

   Str+3:     It affects your strength (+3).
   Slay+5:    It affects your accuracy & damage with ranged weapons and melee
   (+5).
   Contam:    It causes magical contamination when unequipped.
   Harm:      It increases damage dealt and taken.
 G - a +1 scale mail of willpower
 L - the +1 cloak of Jixtuume (worn) {rF+ Int+4}
   (You bought it in a shop on level 10 of the Dungeon)

   Int+4:     It affects your intelligence (+4).
   rF+:       It protects you from fire.
Jewellery
 x - a +6 ring of intelligence (left hand)
 H - a ring of ice
 M - a ring of resist corrosion
Talismans
 r - a beast talisman
Wands
 n - a wand of digging (4)
 C - a wand of charming (3)
 D - a wand of roots (1)
 J - a wand of polymorph (7)
Scrolls
 g - 4 scrolls of blinking
 h - 7 scrolls of teleportation
 m - a scroll of immolation
 I - a scroll of revelation
 K - 2 scrolls of identify
Potions
 b - a potion of brilliance {unknown}
 d - a potion of magic
 i - 2 potions of might
 k - 5 potions of curing
 l - 6 potions of heal wounds
 o - 5 potions of enlightenment
 q - 2 potions of cancellation
 s - 2 potions of mutation
 t - 3 potions of ambrosia
 u - a potion of lignification
 v - 2 potions of degeneration {unknown}
 z - a potion of resistance {unknown}
 E - 2 potions of haste {unknown}


   Skills:
 + Level 8.5 Fighting
 + Level 7.1 Maces & Flails
 - Level 2.1 Ranged Weapons
 - Level 1.7 Dodging
 - Level 4.4 Stealth
 + Level 5.0 Shields
 + Level 8.4 Spellcasting
 + Level 4.8 Conjurations
 - Level 1.0 Summonings
 - Level 2.3 Translocations
 + Level 6.7 Air Magic
 - Level 2.7 Poison Magic


You had 10 spell levels left.
You knew the following spells:

 Your Spells              Type           Power      Damage    Failure   Level
a - Magic Dart            Conj           100%       1d8       1%          1
b - Mephitic Cloud        Conj/Pois/Air  38%        N/A       3%          3
c - Vhi's Electric Charg  Tloc/Air       74%        N/A       12%         4
d - Arcjolt               Conj/Air       22%        1d32      19%         5
e - Swiftness             Air            49%        N/A       1%          3

Your spell library contained the following spells:

 Spells                   Type           Power      Damage    Failure   Level
 Shock                    Conj/Air       100%       1d9       1%          1
 Cigotuvi's Dreadful Rot  Necr/Pois/Air  58%        N/A       3%          2
 Summon Small Mammal      Summ           68%        N/A       4%          1
 Blink                    Tloc           50%        N/A       4%          2
 Airstrike                Air            24%        2d(4-20)  4%          4
 Slow                     Hex            44%        N/A       8%          1
 Call Imp                 Summ           34%        N/A       8%          2
 Call Canine Familiar     Summ           17%        N/A       14%         3
 Summon Guardian Golem    Hex/Summ       14%        N/A       19%         3
 Frozen Ramparts          Ice            22%        1d4       22%         3
 Dispel Undead            Necr           11%        3d9       58%         4
 Petrify                  Tmut/Erth      11%        N/A       58%         4
 Metabolic Englaciation   Hex/Ice        5%         N/A       90%         5
 Plasma Beam              Fire/Air       15%        2x1d26    96%         6
 Death Channel            Necr           5%         N/A       100%        6


Dungeon Overview and Level Annotations

Branches:
Dungeon (11/15)            Temple (1/1) D:6            Lair (1/5) D:11
  Sewer (visited)          Bailey (visited)
    Orc: D:9-12

Altars:
Ashenzari
Cheibriados
Dithmenos
Fedhas
Gozag
Hepliaklqana
Kikubaaqudgha
Makhleb
Nemelex Xobeh
Okawaru
Qazlal
Ru
Sif Muna
Trog
Uskayaw
Vehumet
Wu Jian
Xom
Yredelemnul

Shops:
D:10 [   D:11 (

Annotations:
D:7 1 runed translucent door
D:8 2 runed translucent doors, Vomitron's ghost, novice MiMo
D:10 4 transporters, enile's ghost, journeyman AtWr


Innate Abilities, Weirdness & Mutations

You have hoof-like feet.
When seriously injured, your blood forms thick armour. (AC +9)
Spells you cast and wands you use may paralyse nearby enemies.


Message History

The komodo dragon is lightly wounded.
You kick the elephant!
The elephant is moderately wounded.
The elephant tramples the fungus!
The fungus begins to die.
The elephant trunk-slaps the fungus.
The elephant tramples you!
You hold your ground!
The elephant barely misses you.
You hit the elephant but do no damage. Your kick misses the elephant.
The elephant is moderately wounded.
The elephant tramples you but does no damage.
The elephant completely misses you.
You barely miss the elephant. You kick the elephant.
The elephant is moderately wounded.
The elephant tramples you but does no damage.
The elephant closely misses you. The komodo dragon bites you!
Your blood congeals into armour.
Unknown command.
You thump the elephant!
The elephants, the komodo dragon and the cane toad shudder.
The elephant is almost dead.
The elephant is heavily wounded.
The komodo dragon is severely wounded.
The cane toad is heavily wounded.
You kick the elephant.
The elephant is almost dead.
The komodo dragon bites you!
The cane toad is distracted by your dazzling golden aura.
The cane toad croaks.
You are too injured to fight recklessly!
Unknown command.
You are too injured to fight recklessly!
You are too injured to fight recklessly!
You hit the elephant but do no damage.
The elephant is almost dead.
The elephant tramples you!
* * * LOW HITPOINT WARNING * * *
You hold your ground!
The elephant trunk-slaps you but does no damage.
The komodo dragon bites you!!
You die...
Your body crumbles into a pile of gold.

...~......
~~.......
≈...~....
.......
.....#
#...##
#P.YF##
#.l.#
#Y@##
##..#
#..##
##..#
##..##
###..##
##...##
#...#.#
##..###


You could see 2 elephants, a komodo dragon and a cane toad.

Vanquished Creatures
  A boulder beetle (D:11)
  An orc knight (Bailey)
  An ugly thing (D:11)
  2 elephants (Lair:1)
  2 manticores
  Jeremiah (D:6)
  A cane toad (Lair:1)
  3 unseen horror zombies (D:8)
  2 kobold demonologists (Bailey)
  2 trolls
  2 wraiths (D:10)
  Eustachio (D:5)
  3 yaks (D:11)
  Grum (D:10)
  5 vampire mosquitoes
  A basilisk (D:11)
  A water moccasin (D:6)
  A hornet zombie (D:8)
  11 orc warriors
  An ice beast (D:6)
  3 black bears
  3 ogres (D:4)
  2 centaurs
  5 wolves
  A phantom (D:6)
  Blork the orc (D:6)
  A wyvern zombie (D:8)
  2 gnoll sergeants (D:9)
  2 necrophages (D:8)
  11 scorpions
  7 bullfrogs
  A wight (D:8)
  16 killer bees
  6 electric eels
  4 hounds
  A human zombie (D:8)
  2 orc priests
  A sleepcap (D:8)
  A malarious merfolk avatar (Sewer)
  A sickly merfolk siren (Sewer)
  7 orc wizards
  A killer bee zombie (D:8)
  A mummy (D:8)
  A howler monkey zombie (D:8)
  19 gnolls
  18 adders
  2 river rats (Sewer)
  4 shadow imps
  A worm (D:2)
  3 dart slugs
  31 orcs
  6 endoplasms
  10 giant cockroaches
  20 goblins
  9 hobgoblins
  3 jackals (D:4)
  7 kobolds
  5 quokkas
  9 ball pythons
  4 bats
  8 frilled lizards
  32 rats
  2 butterflies (D:7)
317 creatures vanquished.

Vanquished Creatures (others)
  An orc (Bailey)
1 creature vanquished.

Grand Total: 318 creatures vanquished

Notes
Turn   | Place    | Note
-------+----------+-------------------------------------------
     0 | D:1      | hikkokomori the Demonspawn Hedge Wizard began the quest for
                  | the Orb.
     0 | D:1      | Reached XP level 1. HP: 13/13 MP: 4/4
   220 | D:1      | Gained mutation: You have large cloven feet. [demonic
                  | ancestry]
   220 | D:1      | Reached XP level 2. HP: 19/20 MP: 6/6
   932 | D:2      | Reached skill level 1 in Fighting
  1048 | D:2      | Reached XP level 3. HP: 22/26 MP: 7/7
  1078 | D:2      | Identified the +8 sling "Worm's Wrath" {elec, rElec rF+
                  | Will-}
  1750 | D:3      | Gained mutation: When seriously injured, your blood forms
                  | armour. (AC +9) [demonic ancestry]
  1750 | D:3      | Reached XP level 4. HP: 31/32 MP: 9/9
  1941 | D:3      | Found a hide-covered altar of Uskayaw.
  2209 | D:4      | Noticed a bullfrog
  2212 | D:4      | Killed a bullfrog
  2213 | D:4      | Reached skill level 1 in Ranged Weapons
  2213 | D:4      | Gained mutation: Spells you cast may paralyse adjacent
                  | enemies. [demonic ancestry]
  2213 | D:4      | Reached XP level 5. HP: 38/38 MP: 10/10
  2422 | D:4      | Noticed an ogre
  2424 | D:4      | Killed an ogre
  2425 | D:4      | Reached XP level 6. HP: 46/46 MP: 11/11
  2435 | D:4      | Found the +6 shillelagh "Devastator" {shatter}
  2813 | D:5      | Entered Level 5 of the Dungeon
  2860 | D:5      | Noticed Eustachio
  2868 | D:5      | Killed Eustachio
  2869 | D:5      | Reached skill level 1 in Maces & Flails
  2869 | D:5      | Gained mutation: When seriously injured, your blood forms
                  | thick armour. (AC +9) [demonic ancestry]
  2869 | D:5      | Reached XP level 7. HP: 46/52 MP: 13/13
  2947 | D:5      | Found a glowing drain.
  2976 | Sewer    | Entered a sewer
  3749 | D:5      | Learned a level 3 spell: Mephitic Cloud
  3754 | D:5      | Learned a level 4 spell: Vhi's Electric Charge
  3760 | D:5      | Learned a level 5 spell: Arcjolt
  3768 | D:5      | Gained mutation: Spells you cast may paralyse nearby
                  | enemies. [demonic ancestry]
  3768 | D:5      | Reached XP level 8. HP: 53/60 MP: 15/15
  3908 | D:5      | Reached skill level 5 in Spellcasting
  3908 | D:5      | Reached skill level 1 in Air Magic
  4557 | D:6      | Noticed Blork the orc
  4564 | D:6      | Killed Blork the orc
  4613 | D:6      | Found a radiant altar of Vehumet.
  4633 | D:6      | Found a broken altar of Ashenzari.
  4708 | D:6      | Reached skill level 5 in Fighting
  4858 | D:6      | Noticed Jeremiah
  4926 | D:6      | Killed Jeremiah
  4927 | D:6      | Reached XP level 9. HP: 25/68 MP: 16/18
  5197 | D:6      | Found a hazy altar of Hepliaklqana.
  5249 | D:6      | Found a staircase to the Ecumenical Temple.
  5257 | Temple   | Entered the Ecumenical Temple
  5305 | Temple   | Became a worshipper of Gozag Ym Sagoz the Greedy
  5690 | D:7      | Found an iron altar of Okawaru.
  5900 | D:7      | Found a runed translucent door.
  5902 | D:7      | Found a runed translucent door.
  6416 | D:8      | Identified a scroll of acquirement
  6416 | D:8      | Acquired the +1 buckler "Ycwih" {Fly Will+}
  6679 | D:8      | Reached skill level 5 in Maces & Flails
  6769 | D:8      | Reached skill level 1 in Shields
  6857 | D:8      | Found a basalt altar of Yredelemnul.
  6892 | D:8      | Gained mutation: You have hoof-like feet. [demonic
                  | ancestry]
  6892 | D:8      | Reached XP level 10. HP: 67/77 MP: 20/20
  6998 | D:8      | Reached skill level 5 in Air Magic
  7108 | D:8      | Found a large runed translucent door.
  7108 | D:8      | Found a large runed translucent door.
  7112 | D:8      | Noticed Vomitron's ghost (novice MiMo)
  8139 | D:9      | Reached skill level 1 in Poison Magic
  8688 | D:10     | Entered Level 10 of the Dungeon
  8701 | D:10     | Found a transporter.
  8718 | D:10     | Found a flagged portal.
  8739 | Bailey   | Entered a bailey
  9383 | Bailey   | Noticed an orc knight
  9390 | Bailey   | Killed an orc knight
  9450 | Bailey   | Found an iron altar of Okawaru.
  9587 | Bailey   | Learned a level 3 spell: Swiftness
  9734 | D:10     | Reached skill level 1 in Translocations
  9788 | D:10     | Found a transporter.
  9815 | D:10     | Gained mutation: Spells you cast and wands you use may
                  | paralyse nearby enemies. [demonic ancestry]
  9815 | D:10     | Reached XP level 11. HP: 38/86 MP: 22/22
  9845 | D:10     | Noticed Grum
 10183 | D:10     | Killed Grum
 10286 | D:10     | Noticed enile's ghost (journeyman AtWr)
 10427 | D:10     | Found a transporter.
 10444 | D:10     | Found a transporter.
 10449 | D:10     | Noticed a deep elf knight
 10923 | D:10     | Acquired 1299 gold pieces
 10926 | D:10     | Bought the +5 leather armour "Imimeox" {Contam Harm Str+3
                  | Slay+5} for 835 gold pieces
 10926 | D:10     | Bought the +1 cloak of Jixtuume {rF+ Int+4} for 478 gold
                  | pieces
 11244 | D:11     | Found a staircase to the Lair.
 11559 | D:11     | Found Gythruy's Weapon Boutique.
 11830 | D:11     | Noticed a green ugly thing
 11837 | D:11     | Killed a green ugly thing
 11952 | D:11     | Found a sparkling altar of Nemelex Xobeh.
 11952 | D:11     | Noticed a boulder beetle
 11967 | D:11     | Killed a boulder beetle
 12236 | Lair:1   | Entered Level 1 of the Lair of Beasts
 12535 | Lair:1   | Reached skill level 5 in Shields
 12541 | Lair:1   | Slain by a komodo dragon

Illustrated notes

Levels and vault maps discovered:
D:1:      spicycebolla_arrival_ecumenical, layout_loops_corners, minivault_24,
          kennysheep_crisscross
D:2:      layout_basic, ebering_dispersal_statue_hall, minmay_tiny_reverse_x
D:3:      layout_rooms, mainiacjoe_overflow_tiny_flanked
D:4:      layout_cave_pods, dilly_guarded_unrand_devastator
D:5:      minmay_diamond_boxcup, layout_loops_corners, gup_sewer_entry_glass,
          uniq_eustachio
D:6:      layout_basic, kennysheep_mini_moat, mainiacjoe_overflow_big_doors,
          minmay_temple_entry_proselytizer, minmay_holes, nrook_pool_corridor,
          minivault_1, uniq_jeremiah, uniq_blork_the_orc
D:7:      lemuel_insect_pit, layout_cave_pods,
          mainiacjoe_overflow_six_doors_small
D:8:      layout_basic, lemuel_mausoleum_altar_yredelemnul,
          ebering_ghost_disaster_area
D:9:      layout_stronghold, serial_co_window_serial, co_window_paths_a,
          co_window_paths_b, co_window_paths_b, co_window_paths_a,
          co_window_paths_a, co_window_broadway_c, co_window_2corner,
          co_window_broadway_a, co_window_paths_d, glass_columns_c,
          glass_columns_a, glass_columns_c
D:10:     gammafunk_wand_slinger, layout_irregular_city,
          gammafunk_ghost_stat_death, enter_bailey_5, uniq_grum
D:11:     layout_loops_corners, dpeg_oklobed_lair, serial_shops,
          nicolae_shop_tiny_glass, nemelex_diamond_rough_becter
Temple:   eino_temple_rhombus
Lair:1:   layout_layer_cave, chequers_serial_rivers_marsh, grunt_megastairs_2

Skill      XL: |  1  2  3  4  5  6  7  8  9 10 11 |
---------------+----------------------------------+-----
Stealth        | 2 3 4 |  4.4
Fighting       | 1 2 3 4 5 6 7 8 |  8.5
Conjurations   | 2 3 4 |  4.8
Ranged Weapons | 1 2 |  2.1
Spellcasting   | 4 6 7 8 |  8.4
Maces & Flails | 1 2 4 5 6 7 |  7.1
Air Magic      | 3 4 5 6 |  6.7
Shields        | 1 3 5 |  5.0
Poison Magic   | 2 |  2.7
Translocations | 1 2 |  2.3
Dodging        | |  1.7
Summonings     | |  1.0

Action                     |  1- 3 |  4- 6 |  7- 9 | 10-12 || total
---------------------------+-------+-------+-------+-------++-------
  Melee: Dagger            |    16 |       |       |       ||    16
         Rapier            |    41 |       |       |       ||    41
         Kick              |     6 |     1 |    39 |    68 ||   114
         Shillelagh        |       |    12 |   238 |   266 ||   516
         Punch             |       |       |     1 |       ||     1
   Fire: Sling             |    31 |    77 |       |    27 ||   135
   Cast: Magic Dart        |     2 |       |       |       ||     2
         Mephitic Cloud    |       |       |       |     1 ||     1
 Invoke: Call Merchant     |       |       |       |     1 ||     1
  Evoke: Wand              |       |       |       |     2 ||     2
    Use: Potion            |     1 |       |       |     1 ||     2
         Scroll            |       |       |    15 |     3 ||    18
   Stab: Sleeping          |     6 |     1 |     8 |     3 ||    18
         Distracted        |       |       |     1 |     3 ||     4
         Confused          |       |       |       |     1 ||     1
 Armour: Robe              |     6 |       |       |       ||     6
         Leather armour    |    39 |    23 |    34 |    45 ||   141
         Ring mail         |       |       |   107 |   262 ||   369
  Dodge: Dodged            |    40 |    19 |   111 |   192 ||   362
  Block: Buckler           |       |       |    11 |    90 ||   101

Table legend: (Time is in decaauts)
 A = Elapsed time spent in this place.
 B = Non-inter-level travel time spent in this place.
 C = Inter-level travel time spent in this place.
 D = Time resting spent in this place.
 E = Time spent auto-exploring this place.
 F = Levels seen in this place.
 G = Mean time per level.
                   A        B        C        D        E       F      G
               +--------+--------+--------+--------+--------+-----+--------+
         Total |  12716 |  12048 |    668 |    685 |   9081 |  15 |  847.7 |
       Dungeon |  10895 |  10284 |    611 |    508 |   8160 |  11 |  990.5 |
        Temple |     58 |      1 |     57 |      0 |      0 |   1 |   58.0 |
          Lair |    304 |    304 |      0 |      0 |    263 |   1 |  304.0 |
         Sewer |    462 |    462 |      0 |      0 |    194 |   1 |  462.0 |
        Bailey |    995 |    995 |      0 |    177 |    464 |   1 |  995.0 |
               +--------+--------+--------+--------+--------+-----+--------+

Top non-repeatable levels by time:
     D:9: 1559 daAuts
    D:11: 1247 daAuts
     D:5: 1198 daAuts
     D:8: 1084 daAuts
    D:10: 1009 daAuts
  Bailey: 995 daAuts
     D:6: 982 daAuts
     D:7: 948 daAuts
     D:1: 931 daAuts
     D:4: 802 daAuts
     D:2: 634 daAuts
     D:3: 497 daAuts
   Sewer: 462 daAuts
  Lair:1: 304 daAuts
  Temple: 58 daAuts
